 Dungeon Crawl Stone Soup version 0.28-a0-595-g9f6c0e134a (webtiles) character file.

Game seed: 6609869253935630079

95 Shard1697 the Magician (level 4, -2/31 HPs)
             Began as a Djinni Ice Elementalist on Oct 4, 2021.
             Slain by Crazy Yiuf (20 damage)
             ... on level 2 of the Dungeon.
             The game lasted 00:02:45 (2689 turns).

Shard1697 the Magician (Djinni Ice Elementalist)    Turns: 2689, Time: 00:02:46

Health: -2/31      AC:  3    Str:  7    XL:     4   Next: 97%
Gold:   73         EV: 12    Int: 17    God:
                   SH:  0    Dex: 14

rFire   + + .      SeeInvis .   a - +2 dagger (venom)
rCold   x . .      Faith    .   (no shield)
rNeg    . . .      Spirit   .   m - +0 robe
rPois   ∞          Reflect  .   k - +0 helmet
rElec   .          Harm     .   (no cloak)
rCorr   +          Rampage  .   (no gloves)
Will    .....                   (boots unavailable)
Stlth   ++........              (no amulet)
HPRegen 0.10/turn               h - ring of resist corrosion
MPRegen 0.00/turn               (no ring)

@: freezing walls, flying, very slightly contaminated
A: sickness immunity, fire resistance 2, cold vulnerability 1, float, innate
caster, hp casting, extra vitality 1
a: no special abilities


You were on level 2 of the Dungeon.
You visited 1 branch of the dungeon, and saw 2 of its levels.

You collected 73 gold pieces.

Inventory:

Hand Weapons
 a - a +2 dagger of venom (weapon)
 b - a +0 mace
Armour
 k - a +0 helmet (worn)
 m - a +0 robe (worn)
Jewellery
 c - an amulet of faith
 h - a ring of resist corrosion (left hand)
Scrolls
 g - a scroll of identify {unknown}
 j - a scroll of teleportation {unknown}
Potions
 d - a potion of curing {unknown}
 e - 3 potions of heal wounds {unknown}
 i - a potion of ambrosia {unknown}


   Skills:
 - Level 2.1 Dodging
 - Level 1.5 Stealth
 + Level 4.6 Spellcasting


You couldn't memorise any spells.
You knew the following spells:

 Your Spells              Type           Power      Damage    Failure   Level
a - Freeze                Ice            76%        1d9       2%          1
b - Frozen Ramparts       Ice            38%        1d5       6%          3
c - Ozocubu's Armour      Ice            19%        N/A       6%          3
d - Hailstorm             Conj/Ice       19%        3d6       22%         4
e - Shock                 Conj/Air       76%        1d7       2%          1
Your spell library was empty.

Dungeon Overview and Level Annotations

Branches:
Dungeon (2/15)

Altars:

Annotations:
D:2 Crazy Yiuf


Innate Abilities, Weirdness & Mutations

You are immune to sickness and miasma.
You are immune to poison.
Your flesh is very heat resistant. (rF++)
You are vulnerable to cold. (rC-)
You float through the air rather than walking.
You learn spells naturally, not from books.
Your magical power is your life essence.
You have superior vitality. (+4 HP)


Message History

There is a stone staircase leading down here.
Found a mace.
Found a runed translucent door.
Crazy Yiuf shouts!
Crazy Yiuf screams, "Trifle pontify tortoise!"
Things that are here:
a +0 hunting sling; 22 stones
Items here: )) [[.
Things that are here:
a +0 club; a +0 club You see here a +0 club.
Casting: Freeze (safe; 2% risk of failure)
Confirm with . or Enter, or press ? or * to list all spells.
You can't see any susceptible monsters within range! (Use Z to cast anyway.)
Casting: Freeze (safe; 2% risk of failure)
Confirm with . or Enter, or press ? or * to list all spells.
Casting: Frozen Ramparts (dangerous; 6% risk of failure)
Press: ? - help, Dir - look around, f - activate The walls around you are covered in ice.
Crazy Yiuf screams, "Peeping sanguine eyeball!"
You reach down and open the door.
The wall freezes Crazy Yiuf.
Casting: Frozen Ramparts (dangerous; 6% risk of failure)
Confirm with . or Enter, or press ? or * to list all spells.
Aiming: Freeze (safe; 2% risk of failure)
Press: ? - help, Shift-Dir - straight line, f - Crazy Yiuf
Aim: Crazy Yiuf, wielding a +4 quarterstaff of chaos and wearing a +1 cloak of preservation (lightly wounded)
You freeze Crazy Yiuf.
Crazy Yiuf is lightly wounded.
The wall freezes Crazy Yiuf.
Crazy Yiuf hits you with a +4 quarterstaff of chaos!
Casting: Freeze (safe; 2% risk of failure)
Confirm with . or Enter, or press ? or * to list all spells.
Aiming: Freeze (safe; 2% risk of failure)
Press: ? - help, Shift-Dir - straight line, f/p - Crazy Yiuf
Aim: Crazy Yiuf, wielding a +4 quarterstaff of chaos and wearing a +1 cloak of preservation (moderately wounded)
You miscast Freeze.
You are very lightly contaminated with residual magic.
Nothing appears to happen.
The wall freezes Crazy Yiuf.
Crazy Yiuf hits you with a +4 quarterstaff of chaos!!
Ouch! That really hurt!
You die...

♣♣♣♣♣### ### ♣♣♣.♣..+.##
#...#♣..♣......##
#...g@♣♣♣♣......# #)..#♣♣
♣♣.+...# ### ♣♣###.# ##########
#..# ..>......# #.## .........#
######### #.# .........#
#.......# #.# ........†#
#.......# #.#
.........####.......#####.#######


You could see Crazy Yiuf.

Vanquished Creatures
  Jessica (D:2)
  Robin (D:2)
  An adder skeleton (D:2)
  2 dart slugs (D:1)
  A ball python (D:1)
  6 bats
  3 endoplasms
  8 goblins
  6 hobgoblins
  8 jackals (D:1)
  2 quokkas
  A frilled lizard (D:2)
  2 kobolds (D:1)
  A rat (D:1)
43 creatures vanquished.

Notes
Turn   | Place    | Note
-------+----------+-------------------------------------------
     0 | D:1      | Shard1697 the Djinni Ice Elementalist began the quest for
                  | the Orb.
     0 | D:1      | Reached XP level 1. HP: 15/15 MP: 0/0
   292 | D:1      | Reached XP level 2. HP: 19/21 MP: 0/0
   602 | D:1      | Reached XP level 3. HP: 18/25 MP: 0/0
   602 | D:1      | Learned a level 1 spell: Shock
   855 | D:1      | Reached skill level 4 in Spellcasting
  2152 | D:2      | Noticed Robin
  2160 | D:2      | Reached XP level 4. HP: 20/31 MP: 0/0
  2163 | D:2      | Killed Robin
  2510 | D:2      | Noticed Jessica
  2514 | D:2      | Killed Jessica
  2619 | D:2      | Found a runed translucent door.
  2620 | D:2      | Noticed Crazy Yiuf
  2689 | D:2      | Slain by Crazy Yiuf

Illustrated notes

Levels and vault maps discovered:
D:1:      grunt_arrival_crossed_arrows, layout_loops_ring, dk_noncrumbling_3,
          chequers_serial_rivers_large_a
D:2:      layout_rooms, uniq_robin, uniq_jessica, uniq_crazy_yiuf_cottage

Skill      XL: |  1  2  3 |
---------------+----------+-----
Spellcasting   | 4 |  4.6
Dodging        | |  2.1
Stealth        | |  1.5

Action                   |  1- 3 |  4- 6 || total
-------------------------+-------+-------++-------
Melee: Unarmed           |     2 |       ||     2
       Mace              |    29 |       ||    29
       Whip              |    14 |       ||    14
       Dagger            |       |     5 ||     5
 Cast: Freeze            |    41 |     5 ||    46
       Frozen Ramparts   |     1 |     2 ||     3
       Shock             |       |     2 ||     2
Armor: Robe              |    13 |       ||    13
Dodge: Dodged            |    56 |    13 ||    69

Table legend: (Time is in decaauts)
 A = Elapsed time spent in this place.
 B = Non-inter-level travel time spent in this place.
 C = Inter-level travel time spent in this place.
 D = Time resting spent in this place.
 E = Time spent auto-exploring this place.
 F = Levels seen in this place.
 G = Mean time per level.
                   A        B        C        D        E       F      G
               +--------+--------+--------+--------+--------+-----+--------+
         Total |   2700 |   2665 |     35 |   1195 |   1172 |   2 | 1350.0 |
       Dungeon |   2700 |   2665 |     35 |   1195 |   1172 |   2 | 1350.0 |
               +--------+--------+--------+--------+--------+-----+--------+

Top non-repeatable levels by time:
     D:1: 1815 daAuts
     D:2: 885 daAuts
